 Dungeon Crawl Stone Soup version 0.17-a0-1718-g72dbe4d (console) character file.

81 utis the Cudgeler (level 4, 0/33 HPs)
             Began as a Demonspawn Gladiator on Aug 24, 2015.
             Was an Initiate of Dithmenos.
             Slain by a worker ant (4 damage)
             ... on level 4 of the Dungeon.
             The game lasted 00:07:11 (2302 turns).

utis the Cudgeler (Demonspawn Gladiator)            Turns: 2302, Time: 00:07:11

Health: 0/33       AC:  4    Str: 15    XL:     4   Next: 20%
Magic:  13/13      EV: 13    Int: 10    God:    Dithmenos [......]
Gold:   65         SH:  0    Dex: 18    Spells: 0 memorised, 3 levels left

rFire  . . .     SeeInvis .     a - +1 flail
rCold  . . .     Clarity  .     b - +0 leather armour
rNeg   . . .     SustAt   .     (no shield)
rPois  .         Gourm    +     c - +0 helmet
rElec  .         Spirit   .     (no cloak)
rCorr  .         Warding  .     (no gloves)
rMut   .         Stasis   .     (no boots)
MR     .....                    l - amulet of the gourmand
Stlth  ++........               (no ring)
                                f - ring of magical power

@: not resistant to hostile enchantments, unstealthy
A: hooves 1, thin skeletal structure 2
a: Renounce Religion


You were on level 4 of the Dungeon.
You worshipped Dithmenos.
Dithmenos was noncommittal.
You were not hungry.

You visited 2 branches of the dungeon, and saw 4 of its levels.

You collected 65 gold pieces.

Inventory:

Hand weapons
 a - a +1 flail (weapon)
 o - a -3 short sword
Missiles
 d - 3 throwing nets {=f}
 g - 11 curare-tipped needles {=f}
 h - 31 sling bullets
 j - 6 poisoned needles
 n - 3 stones (quivered)
Armour
 b - a +0 leather armour (worn)
 c - a +0 helmet (worn)
Jewellery
 f - a ring of magical power (left hand)
 l - an amulet of the gourmand (around neck)
Scrolls
 i - 3 scrolls of identify
 k - 2 scrolls of amnesia {unknown}
 p - a scroll of magic mapping {unknown}
 q - a scroll of enchant armour {unknown}
Potions
 m - a potion of mutation {!q}
Comestibles
 e - 3 bread rations


   Skills:
 - Level 2.0 Fighting
 + Level 4.5 Maces & Flails
 - Level 1.7 Throwing
 - Level 2.6 Dodging


You had 3 spell levels left.
You didn't know any spells.

Dungeon Overview and Level Annotations

Branches:
Dungeon (4/15)             Temple (1/1) D:4

Altars:
Ashenzari
Cheibriados
Dithmenos
Gozag
Kikubaaqudgha
Makhleb
Nemelex Xobeh
Okawaru
Qazlal
Vehumet
Xom
Yredelemnul
Zin
The Shining One


Innate Abilities, Weirdness & Mutations

You have large cloven feet.
You have a moderately thin skeletal structure (Dex +4, Stealth+).


Message History

You have reached level 4!
You feel agile.
Your demonic ancestry asserts itself...
Your feet thicken and deform.
The worker ant twitches its antennae in your direction.
Drink which item? (? for menu, Esc to quit)
Okay, then.
You are too injured to fight recklessly!
Things that are here:
a falchion; a robe; an orc corpse You hit the worker ant.
The worker ant is moderately wounded.
The worker ant barely misses you.
You sock the worker ant!
The worker ant is severely wounded.
The worker ant bites you.
* * * LOW HITPOINT WARNING * * *
You hit the worker ant but do no damage.
The worker ant is severely wounded.
The worker ant bites you.
You die...

..▓ ▓ ▓▓▓▓.▓▓▓▓ ▓▓.
▓.......▓ .▓. ...▓ ▓.▓▓)▓▓.▓
.. ▓▓ ..▓▓ ▓.▓.....▓ ▓▓.▓▓
▓.▓.. ▓.▓▓▓▓.▓.....▓ ▓...▓
▓.....▓............▓ ▓....
▓................▓ ▓....
▓......▓▓6▓▓.....▓▓▓▓▓....
➘..o.....▓▓a▓▓▓..▓▓▓........
▓▓▓...)..▓▓.▓▓▓.............
▓.....▓▓▓.▓...▓▓.▓........
▓.........▓...▓▓.▓▓▓.▓....
▓▓▓▓▓▓▓▓▓▓▓...▓▓.▓▓▓.▓....
▓▓.▓▓▓..▓▓.▓.... ▓.▓
▓▓.▓▓.▓.... ▓.▓ ▓.........


You could see a worker ant.

Vanquished Creatures
  An orc wizard (D:4)
  3 adders
  An adder skeleton (D:4)
  An orc (D:4)
  5 bats
  2 giant cockroaches (D:1)
  A quokka (D:2)
  A ball python (D:2)
  3 giant newts (D:1)
  3 goblins (D:1)
  4 kobolds
  3 rats
28 creatures vanquished.

Notes
Turn   | Place    | Note
--------------------------------------------------------------
     0 | D:1      | utis the Demonspawn Gladiator began the quest for the Orb.
     0 | D:1      | Reached XP level 1. HP: 16/16 MP: 1/1
   247 | D:1      | Reached skill level 3 in Maces & Flails
   504 | D:1      | Gained mutation: You have a somewhat thin skeletal structure (Dex +2, Stealth). [demonic ancestry]
   504 | D:1      | Reached XP level 2. HP: 22/22 MP: 2/2
  1320 | D:2      | Gained mutation: You have a moderately thin skeletal structure (Dex +4, Stealth+). [demonic ancestry]
  1320 | D:2      | Reached XP level 3. HP: 27/27 MP: 3/3
  1422 | D:2      | Found a burning altar of Makhleb.
  1422 | D:2      | Found a glowing silver altar of Zin.
  1433 | D:2      | Noticed an angel
  1433 | D:2      | Noticed a green death
  1630 | D:2      | You fall through a shaft for 2 floors!
  1634 | D:4      | Found a staircase to the Ecumenical Temple.
  1645 | D:4      | Reached skill level 4 in Maces & Flails
  1670 | Temple   | Entered the Ecumenical Temple
  1906 | Temple   | Became a worshipper of Dithmenos the Shadowed
  2292 | D:4      | Gained mutation: You have large cloven feet. [demonic ancestry]
  2292 | D:4      | Reached XP level 4. HP: 9/33 MP: 4/4
  2302 | D:4      | Slain by a worker ant

Vault maps used:
D:1:      dpeg_arrival_stonehenge_8_columns, st_stairs_3, nrook_mini_vaults
D:2:      grunt_temple_overflow_order_and_chaos_2, elyvilon_altar_1, first_bread
D:4:      temple_pool_b, uniq_blork_the_orc
Temple:   dpeg_five_rooms_temple_12

Action                   |  1- 3 |  4- 6 || total
-------------------------+-------+-------++-------
Melee: Flail             |    98 |     3 ||   101
       Short sword       |     2 |       ||     2
Throw: Stone             |    23 |       ||    23
  Use: Scroll            |     3 |       ||     3
 Stab: Sleeping          |     1 |       ||     1
  Eat: Chunk             |     8 |       ||     8
